 Dungeon Crawl Stone Soup version 0.29.0-4-gdea44cf6ec (webtiles) character file.

Game seed: 2846860887166418701

74 qw the Chopper (level 4, 0/26 HPs)
             Began as a Tengu Warper on Aug 28, 2022.
             Slain by Natasha (7 damage)
             ... on level 2 of the Dungeon.
             The game lasted 00:00:08 (1691 turns).

qw the Chopper (Tengu Warper)                       Turns: 1691, Time: 00:00:08

Health: 0/26       AC:  8    Str: 13    XL:     4   Next: 30%
Magic:  8/8        EV:  6    Int: 14    God:
Gold:   61         SH:  0    Dex: 13    Spells: 7/7 levels left

rFire   . . .      SeeInvis .   Y - +0 hand axe
rCold   . . .      Faith    .   (no shield)
rNeg    . . .      Spirit   .   j - +0 chain mail
rPois   +          Reflect  .   (helmet restricted)
rElec   .          Harm     .   (no cloak)
rCorr   .          Rampage  .   (no gloves)
Will    .....                   (boots unavailable)
Stlth   ..........              (no amulet)
HPRegen 0.08/turn               d - ring of poison resistance
MPRegen 0.11/turn               (no ring)

@: no status effects
A: beak, talons 3
a: no special abilities


You were on level 2 of the Dungeon.
You visited 1 branch of the dungeon, and saw 2 of its levels.

You collected 61 gold pieces.


Innate Abilities, Weirdness & Mutations

You have a beak for a mouth.
You have claws for feet.


   Skills:
 - Level 2.0 Fighting
 + Level 4.9 Axes
 - Level 1.0 Throwing
 - Level 1.1 Armour
 - Level 2.1 Dodging
 - Level 2.0 Spellcasting
 - Level 2.4 Translocations


You had 7 spell levels left.
You didn't know any spells.
Your spell library contained the following spells:

 Spells                   Type           Power      Damage    Failure   Level
 Blink                    Tloc           16%        N/A       99%         2
 Gell's Gravitas          Tloc           8%         N/A       100%        3
 Lesser Beckoning         Tloc           8%         N/A       100%        3
 Teleport Other           Tloc           8%         N/A       100%        3
 Manifold Assault         Tloc           8%         N/A       100%        5

Inventory:

Hand Weapons
 h - a +1 whip of flaming
 Y - a +0 hand axe (weapon)
Missiles
 i - a boomerang (quivered)
Armour
 j - a +0 chain mail (worn)
 n - a +2 cloak
Jewellery
 d - a ring of poison resistance (left hand)
Scrolls
 c - a scroll of identify {unknown}
Potions
 a - 2 potions of mutation {unknown}
 b - a potion of degeneration {unknown}
 e - a potion of brilliance {unknown}
 g - a potion of berserk rage {unknown}
 k - a potion of curing {unknown}
 l - a potion of ambrosia {unknown}
 m - a potion of lignification {unknown}

Dungeon Overview and Level Annotations

Branches:
Dungeon (2/15)

Altars:
The Shining One

Annotations:
D:2 Natasha


Message History

1672 ||| Stepping ~*~*~tactically~*~*~ (stealth).
Natasha hisses angrily.
Natasha stares at you and mumbles some strange words.
The magic dart hits you but does no damage.
1674 ||| Stepping ~*~*~tactically~*~*~ (hiding).
You start waiting.
Natasha is nearby!
1676 ||| Stepping ~*~*~tactically~*~*~ (hiding).
1677 ||| Stepping ~*~*~tactically~*~*~ (hiding).
You start waiting.
Natasha claws you.
You completely miss Natasha. Your kick misses Natasha. Natasha claws you.
You barely miss Natasha. Your kick misses Natasha.
Natasha claws you but does no damage.
You hit Natasha.
Natasha is lightly wounded.
Natasha barely misses you.
You closely miss Natasha. Your kick misses Natasha.
Natasha is lightly wounded.
Natasha barely misses you.
You hit Natasha but do no damage. You peck Natasha.
Natasha is moderately wounded.
Natasha claws you!
You hit Natasha. You claw Natasha, but do no damage. Your peck misses Natasha.
Natasha is moderately wounded.
Natasha claws you.
You hit Natasha but do no damage.
Natasha is moderately wounded.
Natasha claws you but does no damage.
You closely miss Natasha. You claw Natasha.
Natasha is severely wounded.
Natasha claws you but does no damage.
You closely miss Natasha. You peck Natasha, but do no damage.
Natasha is severely wounded.
Natasha claws you but does no damage.
You hit Natasha.
Natasha is severely wounded.
Natasha claws you!
You die...

#........###.##.....# #
####.##.##
##.......########
#.###.###.##.............
#.# ##.#.####...#.#######
#.# ##.## #.###.# #
#.#####..####.# #.# #
###.(...........###%# #
#..........h.##.....# #
#.#.#####.@#......### #
#.#.# #..#..###.##### #
#...#####..#..# #.....# #
#...##.....#.^###.###.# #
#...##.###.#......# #.# #
#...##.# #.#h.#.#####.#####
#...##.# #.................
#...##.###..............###
#...............###.###.###


You could see Natasha.

Vanquished Creatures
  Natasha (D:2)
  2 adders (D:2)
  2 dart slugs
  3 bats
  2 endoplasms (D:1)
  2 giant cockroaches
  3 goblins
  A hobgoblin (D:1)
  4 ball pythons
  A frilled lizard (D:1)
  3 kobolds (D:2)
  5 rats
29 creatures vanquished.

Vanquished Creatures (others)
  14 plants (D:1)
14 creatures vanquished.

Grand Total: 43 creatures vanquished

Notes
Turn   | Place    | Note
-------+----------+-------------------------------------------
     0 | D:1      | qw the Tengu Warper began the quest for the Orb.
     0 | D:1      | Reached XP level 1. HP: 12/12 MP: 4/4
     0 | D:1      | 0 ||| qw: Version: 0.1-a-89-g26bdef1
     0 | D:1      | 0 ||| qw: Game counter: 2492
     0 | D:1      | 0 ||| qw: Always use a shield: true
     0 | D:1      | 0 ||| qw: God list: Okawaru
     0 | D:1      | 0 ||| qw: Allow faded altars: false
     0 | D:1      | 0 ||| qw: Do Orc after D:15 true
     0 | D:1      | 0 ||| qw: Do second Lair branch before Depths: true
     0 | D:1      | 0 ||| qw: Lair rune preference: random
     0 | D:1      | 0 ||| qw: Plans: Normal
     0 | D:1      | 0 ||| PLANNING D:1-11
    16 | D:1      | 16 ||| Stepping ~*~*~tactically~*~*~ (stealth).
    28 | D:1      | 28 ||| Stepping ~*~*~tactically~*~*~ (stealth).
    29 | D:1      | 29 ||| Stepping ~*~*~tactically~*~*~ (stealth).
    30 | D:1      | 30 ||| Stepping ~*~*~tactically~*~*~ (stealth).
    31 | D:1      | 31 ||| Stepping ~*~*~tactically~*~*~ (stealth).
    85 | D:1      | Reached XP level 2. HP: 6/17 MP: 6/6
    92 | D:1      | Reached skill level 3 in Axes
   431 | D:1      | 431 ||| DROPPING +0 club.
   874 | D:1      | 874 ||| UPGRADING to +0 chain mail.
   884 | D:1      | 884 ||| DROPPING +0 leather armour.
   885 | D:1      | 885 ||| UPGRADING to ring of poison resistance.
   886 | D:1      | 886 ||| READING scroll labelled NUDUAG JYRR.
   887 | D:1      | 887 ||| READING 2 scrolls labelled PYNWITRE ZAGEIC.
   938 | D:1      | 938 ||| DROPPING scroll of blinking.
   967 | D:2      | Found a glowing golden altar of the Shining One.
  1023 | D:2      | 1023 ||| Stepping ~*~*~tactically~*~*~ (hiding).
  1159 | D:2      | Reached XP level 3. HP: 21/21 MP: 7/7
  1170 | D:2      | Reached skill level 4 in Axes
  1402 | D:2      | Noticed Natasha
  1409 | D:2      | HP: 4/21 [Natasha (4)]
  1410 | D:2      | 1410 ||| READING scroll of teleportation.
  1411 | D:2      | Killed Natasha
  1412 | D:2      | Reached XP level 4. HP: 5/26 MP: 8/8
  1518 | D:2      | Noticed Natasha
  1519 | D:2      | 1519 ||| Stepping ~*~*~tactically~*~*~ (stealth).
  1521 | D:2      | 1521 ||| Stepping ~*~*~tactically~*~*~ (stealth).
  1672 | D:2      | 1672 ||| Stepping ~*~*~tactically~*~*~ (stealth).
  1674 | D:2      | 1674 ||| Stepping ~*~*~tactically~*~*~ (hiding).
  1676 | D:2      | 1676 ||| Stepping ~*~*~tactically~*~*~ (hiding).
  1677 | D:2      | 1677 ||| Stepping ~*~*~tactically~*~*~ (hiding).
  1691 | D:2      | Slain by Natasha

Levels and vault maps discovered:
D:1:      ncdulo_lavacross, layout_loops_cross, serial_bayou_lake_a
D:2:      layout_loops_ring, basic_altar,
          hellmonk_ecumenical_altar_heavens_door, uniq_natasha,
          uniq_crazy_yiuf_cottage

Skill      XL: |  1  2  3 |
---------------+----------+-----
Axes           | 3 4 |  4.9
Fighting       | |  2.0
Throwing       | |  1.0
Armour         | |  1.1
Dodging        | |  2.1
Spellcasting   | |  2.0
Translocations | |  2.4

Action                   |  1- 3 |  4- 6 || total
-------------------------+-------+-------++-------
Melee: Hand axe          |    58 |    10 ||    68
       Kick              |    17 |     2 ||    19
       Peck              |     9 |     2 ||    11
Throw: Boomerang         |    28 |       ||    28
  Use: Scroll            |     3 |       ||     3
Armor: Leather armour    |     7 |       ||     7
       Chain mail        |    22 |     5 ||    27
Dodge: Dodged            |    14 |     2 ||    16

Table legend:
 A = Non-vault XP
 B = Vault XP
 C = Vault XP percentage of total XP
 D = Non-vault monster count
 E = Vault monster count
 F = Vault count percentage of total count
                 A         B        C        D         E       F
            +---------+---------+-------+---------+---------+-------
      Total |      72 |      35 |  32.7 |      28 |       1 |   3.4
            +---------+---------+-------+---------+---------+-------
        D:1 |      24 |       0 |   0.0 |      14 |       0 |   0.0
        D:2 |      48 |      35 |  42.2 |      14 |       1 |   6.7
            +---------+---------+-------+---------+---------+-------
